 Dungeon Crawl Stone Soup version 0.23.2-1-ga50397a6bc (webtiles) character file.

Game seed: 13484416768918744594

28100 Ireaine the Cleaver (level 13, -8/122 HPs)
             Began as a Hill Orc Fighter on May 26, 2019.
             Was a High Priest of Beogh.
             Mangled by a 13-headed hydra (12 damage)
             ... on level 3 of the Lair of Beasts.
             The game lasted 00:58:28 (15118 turns).

Ireaine the Cleaver (Hill Orc Fighter)             Turns: 15118, Time: 00:58:29

Health: -8/122     AC: 23    Str: 25    XL:     13   Next: 36%
Magic:  19/19      EV: 10    Int:  8    God:    Beogh [*****.]
Gold:   875        SH:  0    Dex: 11    Spells: 13/20 levels left

rFire    . . .     SeeInvis .   o - +0 battleaxe
rCold    . . .     Gourm    .   (shield currently unavailable)
rNeg     + . .     Faith    .   B - +1 plate armour {rN+}
rPois    .         Spirit   .   N - +0 helmet
rElec    .         Reflect  .   H - +2 cloak
rCorr    .         Harm     +   q - +1 pair of gloves
MR       .....                  (no boots)
Stlth    ..........             n - amulet of harm
HPRegen  0.30/turn              F - +1 ring of protection
MPRegen  0.16/turn              C - +2 ring of strength

@: hasted, very quick
A: walk on water
a: Smiting, Recall Orcish Followers, Give Item to Named Follower, Renounce
Religion


You were on level 3 of the Lair of Beasts.
You worshipped Beogh.
Beogh was extremely pleased with you.
You were not hungry.

You visited 3 branches of the dungeon, and saw 19 of its levels.

You collected 875 gold pieces.

Inventory:

Hand Weapons
 o - a +0 battleaxe (weapon)
Armour
 q - a +1 pair of gloves (worn)
 x - a scarf of cloud immunity
 B - a +1 plate armour of positive energy (worn)
 H - a +2 cloak (worn)
 N - a +0 helmet (worn)
Jewellery
 n - an amulet of harm (around neck)
 C - a +2 ring of strength (right hand)
 F - a +1 ring of protection (left hand)
Wands
 i - a wand of random effects (13)
 j - a wand of acid (12)
 t - a wand of scattershot (4)
 K - a wand of disintegration (12)
 M - a wand of polymorph (9)
Scrolls
 a - a scroll of amnesia
 k - 4 scrolls of magic mapping
 v - 2 scrolls of remove curse
 w - 4 scrolls of teleportation
 I - 3 scrolls of fear
Potions
 b - 3 potions of brilliance
 d - a potion of might
 e - 4 potions of lignification
 g - a potion of invisibility
 h - 4 potions of flight
 l - a potion of curing
 m - a potion of resistance
 p - a potion of degeneration {unknown}
 r - 4 potions of haste
 s - 2 potions of cancellation
 z - a potion of agility
 A - 3 potions of mutation
 E - 3 potions of ambrosia
Comestibles
 f - 13 rations


   Skills:
 * Level 13.6 Fighting
 * Level 14.4 Axes
 + Level 9.6 Armour
 - Level 5.9 Dodging
 - Level 1.0 Stealth
   Level 9.0 Shields
 + Level 4.2 Spellcasting
 + Level 4.2 Transmutations


You had 13 spell levels left.
You knew the following spells:

 Your Spells              Type           Power        Failure   Level  Hunger
a - Dragon Form           Tmut           #.........   100%        7    #######

Your spell library contained the following spells:

 Spells                   Type           Power        Failure   Level  Hunger
 Confusing Touch          Hex            #.....       97%         1    #......
 Corona                   Hex            #......      97%         1    #......
 Ensorcelled Hibernation  Hex/Ice        #.....       99%         2    ###....
 Confuse                  Hex            #.......     100%        3    ###....
 Dazzling Spray           Conj/Hex       #.....       100%        3    ###....
 Gell's Gravitas          Tloc           #.........   100%        3    ###....
 Tukima's Dance           Hex            #.......     100%        3    ###....
 Petrify                  Tmut/Erth      #.......     100%        4    #####..
 Irradiate                Conj/Tmut      #.........   100%        5    ######.
 Metabolic Englaciation   Hex/Ice        #.........   100%        5    ######.
 Yara's Violent Unravell  Hex/Tmut       #.........   100%        5    ######.
 Hydra Form               Tmut           #.........   100%        6    #######
 Statue Form              Tmut/Erth      #........    100%        6    #######


Dungeon Overview and Level Annotations

Branches:
Dungeon (15/15)            Temple (1/1) D:5            Lair (3/6) D:11
 Shoals (0/4) Lair:3        Snake (0/4) Lair:3          Orc (0/2) D:9
 Vaults (0/5) D:13
 Depths: D:15

Altars:
Ashenzari
Cheibriados
Dithmenos
Elyvilon
Fedhas
Gozag
Hepliaklqana
Kikubaaqudgha
Makhleb
Nemelex Xobeh
Okawaru
Qazlal
Ru
Sif Muna
Trog
Uskayaw
Vehumet
Wu Jian
Xom
Yredelemnul
Zin
The Shining One


Message History

The 11-headed hydra barely misses you. The 11-headed hydra bites you!
* * * LOW HITPOINT WARNING * * *
A wolf comes into view.
Bogfrid hits the 11-headed hydra with a +0 glaive!
Bogfrid hacks one of the 11-headed hydra's heads off!
The ten-headed hydra grows two more!
The wolf pauses to sniff the ground.
The wolf barely misses Bogfrid.
The wolf howls!
You lop one of the 12-headed hydra's heads off!
The 11-headed hydra grows two more!
You slash the 13-headed hydra!
The 13-headed hydra is almost dead.
You hit the wolf.
You hear a howl!
The 13-headed hydra bites you!
* * * LOW HITPOINT WARNING * * *
The 13-headed hydra closely misses you.
The 13-headed hydra bites you but does no damage. x3
The 13-headed hydra barely misses you. The 13-headed hydra bites you!
You die...

..).#....##,,,,,,,,,,,,,,*
..(.##..#.***,*,*,,,,,,,,***
###(.#.##** *******,,,,.,,,*
.....#,* ***,..,,** .>...#**
##### **..,,,** ..o..#
#...##**.#,,,,,* ###..#
####...##h#*,,,,** ....##
##.....ohh#*,,,,,,* ....#
##......@D##,,,,,,***
...######..........#,,**,*,,**
#.####.##.........#...#***,,,*
..###.###...........### *,,**
#.....# ##.........## ****
##.#..## ##.........#
*#.....###.#........#
*#......####........#
##......####...(...#*


You could see a 13-headed hydra, 3 wolves and the friendly Bogfrid the orc
knight.

Vanquished Creatures
  Josephine (D:11)
  2 hydras
  A vault guard (D:13)
  3 two-headed ogres
  A death yak (Lair:2)
  A guardian serpent (shapeshifter) (D:13)
  A gargoyle (D:7)
  4 spiny frogs
  A komodo dragon (Lair:1)
  2 trolls
  5 blink frogs
  Prince Ribbit (D:7)
  2 wyverns
  5 yaks
  A spriggan (D:8)
  3 wraiths (D:11)
  8 humans
  A steam dragon (D:7)
  2 basilisks
  6 hungry ghosts
  Menkaure (D:6)
  2 nagas (Lair:3)
  2 soldier ants
  2 water moccasins
  4 porcupines
  Duvessa (D:6)
  3 sky beasts
  7 ogres
  A black bear (D:7)
  2 ice beasts
  An eye of draining (D:14)
  6 phantoms
  12 centaurs
  3 crocodiles
  A wolf (Lair:2)
  2 big kobolds
  8 bullfrogs
  A water moccasin zombie (D:7)
  Dowan (D:6)
  5 scorpions
  3 killer bees (D:9)
  12 wights
  3 howler monkeys
  An electric eel (D:10)
  A crimson imp (D:8)
  A lava snake (Lair:1)
  2 quasits
  2 bullfrog zombies
  2 centaur zombies
  2 jellies
  9 hounds
  4 centaur skeletons
  2 orc priests
  Crazy Yiuf (D:4)
  2 bullfrog skeletons
  2 iguanas
  6 orc wizards
  5 worker ants
  A killer bee zombie (D:5)
  4 ogre zombies (D:9)
  A worker ant zombie (D:8)
  13 adders
  7 gnolls
  6 shadow imps
  An ooze (D:6)
  An adder skeleton (D:4)
  3 worms
  3 dart slugs (D:1)
  4 leopard geckos
  29 orcs
  2 ball pythons
  5 bats
  6 giant cockroaches
  8 hobgoblins
  A jackal (D:7)
  4 quokkas
  4 frilled lizards
  7 goblins
  2 goblin skeletons (D:9)
  2 hobgoblin skeletons (D:9)
  A hobgoblin zombie (D:9)
  21 kobolds
  A leopard gecko skeleton (D:6)
  A leopard gecko zombie (D:5)
  14 orc zombies (D:9)
  10 rats
338 creatures vanquished.

Vanquished Creatures (collateral kills)
  A hydra (Lair:2)
  4 death yaks (Lair:2)
  2 ugly things (D:13)
  A manticore (D:13)
  A cyclops (D:10)
  A black mamba (Lair:2)
  A gargoyle (D:11)
  A centaur skeleton (D:14)
  A spiny frog (Lair:2)
  A komodo dragon (Lair:2)
  A tengu conjurer (D:11)
  A blink frog (Lair:2)
  2 hippogriffs
  A wyvern (D:11)
  A shadow (D:11)
  11 yaks
  2 wraiths
  5 humans (D:13)
  A basilisk (Lair:2)
  2 nagas (Lair:3)
  A soldier ant (D:11)
  3 water moccasins
  2 porcupines (Lair:2)
  A wolf (Lair:2)
  5 ice beasts
  2 ogres (D:11)
  2 centaurs
  A bullfrog (Lair:1)
  A troll zombie (D:9)
  3 wights (D:12)
  A centaur zombie (D:9)
  2 hounds (D:13)
  2 jellies
  2 orc wizards
  An iguana (D:14)
  An ogre zombie (D:9)
  2 adders (D:11)
  A shadow imp (D:13)
  6 orcs
80 creatures vanquished.

Vanquished Creatures (others)
  An orc knight (D:11)
  An orc warrior (D:11)
  2 orc wizards
  A gnoll (D:5)
  10 orcs
  A fire vortex (Lair:1)
  A fungus (Lair:1)
17 creatures vanquished.

Grand Total: 435 creatures vanquished

Notes
Turn   | Place    | Note
-------+----------+-------------------------------------------
     0 | D:1      | Ireaine the Hill Orc Fighter began the quest for the Orb.
     0 | D:1      | Reached XP level 1. HP: 19/19 MP: 1/1
   137 | D:1      | Reached skill level 3 in Axes
   137 | D:1      | Reached XP level 2. HP: 25/27 MP: 2/2
   572 | D:1      | Reached XP level 3. HP: 33/33 MP: 3/3
  1279 | D:2      | Found a hide-covered altar of Uskayaw.
  1292 | D:2      | Found a blossoming altar of Fedhas.
  1492 | D:3      | Reached XP level 4. HP: 41/41 MP: 4/4
  1558 | D:3      | Reached skill level 4 in Axes
  1730 | D:3      | Reached skill level 1 in Dodging
  1841 | D:3      | Reached XP level 5. HP: 47/47 MP: 5/5
  2050 | D:4      | Noticed an ogre
  2056 | D:3      | Killed an ogre
  2056 | D:3      | Reached skill level 5 in Fighting
  2118 | D:3      | Reached XP level 6. HP: 42/56 MP: 6/6
  2496 | D:5      | Entered Level 5 of the Dungeon
  2505 | D:4      | Reached skill level 5 in Axes
  2537 | D:4      | Found a sacrificial altar of Ru.
  2795 | D:4      | Found a runed translucent door.
  2796 | D:4      | Noticed Crazy Yiuf
  3033 | D:4      | Killed Crazy Yiuf
  3169 | D:5      | Found a staircase to the Ecumenical Temple.
  3176 | Temple   | Entered the Ecumenical Temple
  3408 | D:5      | Reached XP level 7. HP: 59/62 MP: 7/7
  3419 | D:6      | Noticed Duvessa
  3419 | D:6      | Noticed Dowan
  3540 | D:5      | Found a hazy altar of Hepliaklqana.
  3546 | D:5      | Became a worshipper of Beogh the Brigand
  3825 | D:5      | Reached skill level 6 in Axes
  4416 | D:6      | Reached XP level 8. HP: 71/71 MP: 8/8
  4425 | D:6      | Reached skill level 5 in Armour
  4564 | D:6      | Reached skill level 5 in Shields
  4620 | D:6      | Reached skill level 7 in Axes
  4810 | D:6      | Reached * piety under Beogh
  4841 | D:6      | Killed Dowan
  4871 | D:6      | Noticed Menkaure
  4880 | D:6      | Killed Menkaure
  4914 | D:6      | Killed Duvessa
  4914 | D:6      | Reached skill level 8 in Axes
  4914 | D:6      | Reached XP level 9. HP: 39/81 MP: 9/9
  5439 | D:7      | Noticed Prince Ribbit
  5474 | D:7      | Reached skill level 9 in Axes
  5495 | D:7      | Killed Prince Ribbit
  6290 | D:7      | Reached ** piety under Beogh
  6325 | D:7      | Reached XP level 10. HP: 78/91 MP: 10/10
  6325 | D:7      | Noticed a two-headed ogre
  6336 | D:7      | Reached skill level 10 in Axes
  6337 | D:7      | Noticed a gargoyle
  6350 | D:7      | Killed a two-headed ogre
  6350 | D:7      | Reached skill level 10 in Fighting
  6357 | D:7      | Killed a gargoyle
  6659 | D:7      | Learned a level 7 spell: Dragon Form
  7194 | D:8      | Noticed a two-headed ogre
  7212 | D:8      | Killed a two-headed ogre
  7212 | D:8      | Reached skill level 11 in Axes
  7479 | D:8      | Found an iron altar of Okawaru.
  7492 | D:8      | Reached skill level 1 in Transmutations
  7497 | D:8      | Reached skill level 1 in Spellcasting
  7717 | D:8      | Reached XP level 11. HP: 100/101 MP: 12/12
  8234 | D:9      | Reached *** piety under Beogh
  8236 | D:9      | Reached skill level 5 in Dodging
  8369 | D:9      | Noticed a two-headed ogre
  8379 | D:9      | Killed a two-headed ogre
  8678 | D:9      | Found a staircase to the Orcish Mines.
  8818 | D:9      | Reached **** piety under Beogh
  8830 | D:9      | Got a spiked scale mail
  8851 | D:10     | Entered Level 10 of the Dungeon
  9655 | D:10     | Noticed a cyclops
  9664 | D:10     | Killed a cyclops
  9664 | D:10     | Reached skill level 12 in Axes
 10411 | D:11     | Noticed Josephine
 10424 | D:11     | Killed Josephine
 10518 | D:11     | Noticed a seven-headed hydra
 10528 | D:11     | Killed an 11-headed hydra
 10546 | D:11     | Gained Boghold as an ally
 10570 | D:11     | Your ally Boghold died
 10570 | D:11     | Reached XP level 12. HP: 46/112 MP: 9/16
 10961 | D:11     | You fall through a shaft for 3 floors!
 11146 | D:15     | Entered Level 15 of the Dungeon
 11362 | D:13     | Reached ***** piety under Beogh
 11367 | D:13     | Reached skill level 13 in Axes
 11570 | D:13     | Noticed a vault guard
 11586 | D:13     | Killed a vault guard
 11586 | D:13     | Reached skill level 1 in Stealth
 11643 | D:13     | Found a gate to the Vaults.
 11744 | D:13     | Gained Bogfrid as an ally
 12172 | D:11     | Found a staircase to the Lair.
 12185 | Lair:1   | Entered Level 1 of the Lair of Beasts
 12224 | Lair:1   | Noticed a five-headed hydra
 12233 | Lair:1   | Killed a nine-headed hydra
 12769 | Lair:1   | Gained Ogrik as an ally
 12928 | Lair:1   | Reached XP level 13. HP: 120/122 MP: 18/18
 13491 | Lair:2   | Reached skill level 14 in Axes
 13908 | Lair:2   | Your ally Ogrik died
 15064 | Lair:3   | Found a staircase to the Snake Pit.
 15118 | Lair:3   | HP: 4/122 [13-headed hydra (10)]
 15118 | Lair:3   | Mangled by a 13-headed hydra

Skill      XL: |  1  2  3  4  5  6  7  8  9 10 11 12 13 |
---------------+----------------------------------------+-----
Axes           | 3 4 5 6 8 9 11 12 13 14 | 14.4
Fighting       | 4 5 6 7 9 10 11 13 | 13.6
Dodging        | 1 2 3 4 5 |  5.9
Armour         | 4 5 6 7 8 9 |  9.6
Shields        | 4 5 6 7 8 9 |  9.0
Transmutations | 1 2 3 4 |  4.2
Spellcasting   | 1 2 3 4 |  4.2
Stealth        | 1 |  1.0

Action                   |  1- 3 |  4- 6 |  7- 9 | 10-12 | 13-15 || total
-------------------------+-------+-------+-------+-------+-------++-------
Melee: War axe           |   135 |   138 |   354 |   570 |       ||  1197
       Battleaxe         |       |       |       |    18 |    71 ||    89
Invok: Convert to Beogh  |       |       |     1 |       |       ||     1
       Smiting           |       |       |       |     4 |       ||     4
       Give Item to Name |       |       |       |       |     1 ||     1
  Use: Scroll            |     6 |     4 |    11 |     8 |     4 ||    33
       Potion            |       |       |     3 |     8 |     2 ||    13
 Stab: Distracted        |       |       |       |     4 |       ||     4
       Confused          |       |       |       |     3 |       ||     3
  Eat: Chunk             |     2 |     6 |     6 |    10 |       ||    24
       Ration            |       |       |     3 |     4 |     2 ||     9
Armor: Scale mail        |    40 |       |       |       |       ||    40
       Plate armour      |    48 |   114 |   249 |   251 |    77 ||   739
       Skin              |       |     4 |       |       |       ||     4
Dodge: Dodged            |    36 |    32 |    64 |   124 |    60 ||   316
Block: Shield            |    64 |   104 |   203 |   297 |       ||   668
       Large shield      |       |       |       |    54 |       ||    54
